AoeStats
← 勇闯天涯

Four Lakes

509694272Analyzed
1v1 RM · 4d ago on Sep 27, 2026· 33m 44s· 2 players
Game mode
Random Map
Map size
Tiny (2 player)
Population
200
Speed
Normal
Resources
Standard
Victory
Conquest
Starting age
Dark Age
Ending age
Imperial Age
RankedLock teamsTeams togetherTeam positionsShared explorationLock speedFull tech treeHidden civsTurbo modeCheats
Victory
Defeat
🇨🇱 Sicilians · Chile
959
+17
🇨🇳 Italians · China
973
-17
Dreakaht
5:06 Loom
10:02 Feudal Age
10:40 Horse Collar
20:47 Scale Mail Armor
20:37 Fletching
22:35 Double-Bit Axe
26:08 Castle Age
25:23 Bloodlines
27:00 Husbandry
27:13 Scale Barding Armor
27:03 Gold Mining
29:14 Forging
30:27 Gold Shaft Mining
勇闯天涯
4:56 Loom
11:01 Feudal Age
11:44 Double-Bit Axe
19:01 Castle Age
17:03 Fletching
17:15 Padded Archer Armor
17:14 Gold Mining
17:56 Stone Mining
20:25 Stone Shaft Mining
30:19 Crossbowman
Connection lost

Rejoining the realm…

Still unreachable

The connection could not be restored.

Session expired

The server has moved on; the page needs a fresh start.